 Dungeon Crawl Stone Soup version 0.31-a0-986-g5e6e4ef867 (webtiles) character file.

Game seed: 17533063681804600631

2384 porpoise the Vexing (level 9, -1/57 (59) HPs)
             Began as a Demonspawn Enchanter on Nov 9, 2023.
             Was a Follower of Dithmenos.
             Slain by a wight
             ... wielding a +2 trident of freezing
              (6 damage)
             ... on level 6 of the Dungeon.
             The game lasted 00:27:32 (6650 turns).

porpoise the Vexing (Demonspawn Enchanter)          Turns: 6650, Time: 00:27:32

HP:   -1/57 (59)    AC:  4    Str:  8    XL:     9   Next: 22%
MP:   0/16          EV: 11    Int: 20    God:    Dithmenos [*.....]
Gold: 127           SH:  7    Dex: 15    Spells: 7/18 levels left

rFire   . . .        a - +2 short sword (venom)
rCold   . . .        f - +2 buckler
rNeg    + + .        p - +2 robe of the Hidden Vale {rN++}
rPois   +            (helmet unavailable)
rElec   .            (no cloak)
rCorr   .            (no gloves)
SInv    .            (no boots)
Will    .....        (no amulet)
Stlth   ++           l - ring of poison resistance
HPRegen 0.29/turn    (no ring)
MPRegen 0.30/turn

%: guardian spirit
@: wreathed by umbra, lightly drained
A: horns 3, magic shield, magic regeneration
a: Renounce Religion


You were on level 6 of the Dungeon.
You worshipped Dithmenos.
Dithmenos was aware of your devotion.
You visited 2 branches of the dungeon, and saw 7 of its levels.
You also visited: Ossuary.

You collected 253 gold pieces.
You spent 126 gold pieces at shops.

Inventory:

Hand Weapons
 a - a +2 short sword of venom (weapon)
 b - a +2 long sword
 n - a +1 dagger
Armour
 f - a +2 buckler (worn)
 p - the +2 robe of the Hidden Vale (worn) {rN++}
   (You found it on level 3 of the Dungeon)

   rN++:      It greatly protects you from negative energy.
Jewellery
 d - a ring of protection from cold
 l - a ring of poison resistance (left hand)
Wands
 k - a wand of paralysis (13)
 o - a wand of polymorph (9)
Scrolls
 e - 2 scrolls of teleportation
 g - a scroll of poison
 m - a scroll of identify
 r - a scroll of blinking
 s - a scroll of fog
 t - a scroll of torment
Potions
 c - 2 potions of invisibility
 h - 4 potions of enlightenment
 i - a potion of resistance
 j - 7 potions of curing
 q - 3 potions of haste
 u - a potion of brilliance


   Skills:
 + Level 1.2 Fighting
 + Level 6.9 Short Blades
 - Level 1.7 Dodging
 - Level 2.6 Stealth
 + Level 3.3 Shields
 - Level 5.0 Spellcasting
 - Level 7.0 Hexes
 - Level 3.0 Ice Magic


You had 7 spell levels left.
You knew the following spells:

 Your Spells              Type           Power      Damage    Failure   Level
a - Confusing Touch       Hex            33%        N/A       3%          3
e - Ensorcelled Hibernat  Hex/Ice        50%        N/A       3%          2
t - Tukima's Dance        Hex            33%        N/A       3%          3
z - Dazzling Flash        Conj/Hex       38%        N/A       12%         3

Your spell library contained the following spells:

 Spells                   Type           Power      Damage    Failure   Level
 Magic Dart               Conj           20%        1d4       17%         1
 Blink                    Tloc           10%        N/A       26%         2
 Call Imp                 Summ           10%        N/A       26%         2
 Lesser Beckoning         Tloc           10%        N/A       26%         2
 Momentum Strike          Conj/Tloc      10%        3d8       26%         2
 Scorch                   Fire           10%        2d5       26%         2
 Mephitic Cloud           Conj/Pois/Air  5%         N/A       45%         3
 Stone Arrow              Conj/Erth      10%        3d7       45%         3
 Animate Armour           Summ/Erth      10%        N/A       86%         4
 Flame Wave               Conj/Fire      5%         2d5       86%         4
 Summon Cactus Giant      Summ           2%         N/A       100%        6
 Monstrous Menagerie      Summ           2%         N/A       100%        7
 Spellforged Servitor     Conj/Summ      2%         N/A       100%        7
 Lehudib's Crystal Spear  Conj/Erth      2%         10d2      100%        8


Dungeon Overview and Level Annotations

Branches:
Dungeon (6/15)             Temple (1/1) D:5         Ossuary (visited)

Altars:
Ashenzari
Cheibriados
Dithmenos
Fedhas
Gozag
Hepliaklqana
Kikubaaqudgha
Makhleb
Okawaru
Ru
Sif Muna
Uskayaw
Vehumet
Wu Jian
Xom
Yredelemnul

Shops:
D:4 !

Annotations:
D:4 1 runed translucent door, Xavori's ghost, novice DjCK


Innate Abilities, Weirdness & Mutations

You have a pair of large horns on your head.
When hurt, damage is shared between your health and your magic reserves.
You regenerate magic rapidly.


Message History

The wight hits you from afar with a +2 trident of freezing.
You partially resist.
You feel drained. The wight freezes you.
The wight closely misses the wight.
The wight hits itself with a +1 spear!
You hit the wight but do no damage.
You headbutt the wight, but do no damage.
The wight is severely damaged.
The wight hits you from afar with a +2 trident of freezing!
The wight freezes you.
You hit the wight. You headbutt the wight.
You destroy the wight!
Dithmenos accepts your kill. The wight closely misses you.
Casting: Confusing Touch (dangerous; 3% risk of failure)
Confirm with . or Enter, or press ? or * to list all spells.
Your hands begin to glow red.
The wight hits you from afar with a +2 trident of freezing!
The wight freezes you. The wight closely misses you.
Items here: )) [[.
You closely miss the wight.
The wight is lightly damaged.
You hit the wight but do no damage.
The wight appears confused.
The wight is lightly damaged.
The wight hits you with a +2 trident of freezing.
* * * LOW HITPOINT WARNING * * *
You partially resist.
You feel drained. The wight freezes you.
The wight closely misses itself.
You hit the wight but do no damage.
You headbutt the wight, but do no damage.
The wight is lightly damaged.
You barely miss the wight. You headbutt the wight!
The wight is heavily damaged.
You hit the wight but do no damage. Your headbutt misses the wight.
The wight is heavily damaged.
You completely miss the wight.
The wight is heavily damaged.
The wight hits you with a +2 trident of freezing!
* * * LOW HITPOINT WARNING * * *
The wight freezes you.
You die...

#,*#.#..,...# #...#
*,*#.#..,#### ###.#
**,**,*,,,* #.#
,,,**,*,,,* #.#
*****,*,,,* #.#
,,,,,,,,,,* #.#
*****,*,*,* #.# *
*,*,*,########.#
*****,*,*,#....z@..#
,,,,,,*,*,#.########
,,,,,,,,,,,,*
,,,****,*,*** **,*
*,*,* **,****,*,*
,<,,,,,,*,*
,,,,,,,,,,*
**,********


You could see a wight (confused).

Vanquished Creatures
  Pikel (D:5)
  Grinder (D:5)
  Sigmund (D:5)
  Eustachio (D:4)
  Edmund (D:4)
  A sky beast (D:4)
  An ogre (D:4)
  2 lemures (D:5)
  A scorpion (D:5)
  A gnoll sergeant (D:4)
  5 wights (D:6)
  3 water moccasin zombies (Ossuary)
  3 iron imps (D:3)
  3 hounds (D:4)
  An orc priest (D:3)
  Natasha (thrice) (D:3)
  3 mummies
  8 gnolls
  5 adders
  2 ufetubi (D:4)
  5 adder zombies (Ossuary)
  3 worms
  7 dart slugs
  9 orcs
  A ball python (D:1)
  11 endoplasms
  4 giant cockroaches
  2 gnoll zombies (Ossuary)
  7 goblins
  11 hobgoblins
  8 jackals
  3 quokkas
  6 bats
  5 frilled lizards
  5 hobgoblin zombies (Ossuary)
  7 kobolds
  6 kobold zombies (Ossuary)
  3 orc zombies (Ossuary)
  2 rats
152 creatures vanquished.

Vanquished Creatures (others)
  A bat (D:1)
1 creature vanquished.

Grand Total: 153 creatures vanquished

Notes
Turn   | Place    | Note
-------+----------+-------------------------------------------
     0 | D:1      | porpoise the Demonspawn Enchanter began the quest for the
                  | Orb.
     0 | D:1      | Reached XP level 1. HP: 13/13 MP: 3/3
    55 | D:1      | Reached skill level 1 in Short Blades
   128 | D:1      | Gained mutation: You regenerate magic rapidly. [demonic
                  | ancestry]
   128 | D:1      | Reached XP level 2. HP: 17/19 MP: 5/5
   200 | D:1      | Learned a level 2 spell: Ensorcelled Hibernation
   606 | D:1      | Gained mutation: You have a pair of small horns on your
                  | head. [demonic ancestry]
   606 | D:1      | Reached XP level 3. HP: 24/24 MP: 6/6
   612 | D:1      | Learned a level 3 spell: Confusing Touch
   996 | D:2      | Identified the of Dopseipa
  1265 | D:2      | Found a broken altar of Ashenzari.
  1472 | D:2      | Reached skill level 1 in Ice Magic
  1472 | D:2      | Gained mutation: When hurt, damage is shared between your
                  | health and your magic reserves. [demonic ancestry]
  1472 | D:2      | Reached XP level 4. HP: 25/30 MP: 0/7
  2173 | D:3      | Noticed Natasha
  2197 | D:3      | Killed Natasha
  2198 | D:3      | Reached skill level 4 in Hexes
  2245 | D:3      | Found a faded altar of an unknown god.
  2254 | D:3      | Noticed Natasha
  2290 | D:3      | Killed Natasha
  2291 | D:3      | Reached XP level 5. HP: 35/35 MP: 4/8
  2482 | D:3      | Noticed Natasha
  2489 | D:3      | Killed Natasha
  2508 | D:3      | Identified the +2 robe of the Hidden Vale {rN++}
  3064 | D:3      | Found a burning altar of Makhleb.
  3082 | D:3      | Reached XP level 6. HP: 30/41 MP: 6/9
  3454 | D:4      | Noticed Edmund
  3471 | D:4      | Killed Edmund
  3472 | D:4      | Reached skill level 5 in Hexes
  3692 | D:4      | Noticed a sky beast
  3718 | D:4      | Killed a sky beast
  3719 | D:4      | Gained mutation: You have a pair of horns on your head.
                  | [demonic ancestry]
  3719 | D:4      | Reached XP level 7. HP: 38/46 MP: 6/10
  3795 | D:4      | Found a broken altar of Ashenzari.
  3871 | D:4      | Found a shimmering blue altar of Sif Muna.
  3881 | D:4      | Found a runed translucent door.
  3890 | D:4      | Noticed Xavori's ghost (novice DjCK)
  3923 | D:4      | Found Hilefoji's Distillery.
  3935 | D:4      | Bought a potion of heal wounds for 70 gold pieces
  3935 | D:4      | Bought a potion of might for 56 gold pieces
  4066 | D:5      | Entered Level 5 of the Dungeon
  4127 | D:5      | Noticed Eustachio
  4517 | D:4      | Reached skill level 6 in Hexes
  4751 | D:4      | Killed Eustachio
  4752 | D:4      | Reached skill level 5 in Short Blades
  4888 | D:5      | Reached XP level 8. HP: 52/52 MP: 9/12
  4924 | D:5      | Noticed Grinder
  4943 | D:5      | Killed Grinder
  4988 | D:5      | Noticed Sigmund
  4997 | D:5      | Killed Sigmund
  4998 | D:5      | Reached skill level 7 in Hexes
  5253 | D:5      | Found a radiant altar of Vehumet.
  5342 | D:5      | Found a shimmering altar of Xom.
  5349 | D:5      | Noticed Pikel
  5544 | D:5      | Found an opulent altar of Gozag.
  5770 | D:5      | Killed Pikel
  5995 | D:5      | Found a staircase to the Ecumenical Temple.
  6004 | Temple   | Entered the Ecumenical Temple
  6013 | Temple   | Became a worshipper of Dithmenos the Shadowed
  6188 | D:6      | Gained mutation: You have a pair of large horns on your
                  | head. [demonic ancestry]
  6188 | D:6      | Reached XP level 9. HP: 43/57 MP: 10/16
  6290 | D:6      | Found a sand-covered staircase.
  6300 | Ossuary  | Entered an ossuary
  6410 | Ossuary  | Reached skill level 5 in Spellcasting
  6414 | Ossuary  | Learned a level 3 spell: Tukima's Dance
  6418 | Ossuary  | Learned a level 3 spell: Dazzling Flash
  6477 | Ossuary  | Reached * piety under Dithmenos
  6634 | D:6      | Reached skill level 1 in Fighting
  6650 | D:6      | Slain by a wight

Illustrated notes

Levels and vault maps discovered:
D:1:      scummos_arrival_hexagon, layout_basic
D:2:      layout_basic, basic_altar
D:3:      layout_basic, demons_altar, dreamdust_ecumenical_altar_statues,
          uniq_natasha
D:4:      layout_rooms, general_overflow_altar,
          mainiacjoe_overflow_surrounded_room, ebering_ghost_sewer_d,
          serial_shops, shop, uniq_edmund
D:5:      layout_rooms, kennysheep_little_box, nicolae_overflow_hidden_temple,
          mainiacjoe_overflow_alcove_4, temple_hall, kennysheep_generic_room_14,
          uniq_grinder, uniq_pikel, uniq_sigmund, uniq_eustachio
D:6:      layout_loops_ring, amcnicky_altar_gilded, gup_ossuary_entry_pyramid,
          nicolae_shop_overcharged_wands
Temple:   hellmonk_temple_flake

Skill      XL: |  1  2  3  4  5  6  7  8  9 |
---------------+----------------------------+-----
Short Blades   | 1 2 3 4 5 6 |  6.9
Ice Magic      | 1 2 3 |  3.0
Hexes          | 4 5 6 7 |  7.0
Spellcasting   | 4 5 |  5.0
Shields        | 2 3 |  3.3
Fighting       | 1 |  1.2
Dodging        | |  1.7
Stealth        | |  2.6

Action                     |  1- 3 |  4- 6 |  7- 9 || total
---------------------------+-------+-------+-------++-------
  Melee: Dagger            |   120 |   170 |   203 ||   493
         Punch             |     1 |       |       ||     1
         Headbutt          |     5 |    37 |    71 ||   113
         Unarmed           |       |     9 |       ||     9
         Long sword        |       |       |   107 ||   107
         Short sword       |       |       |    17 ||    17
   Cast: Ensorcelled Hiber |     6 |    22 |    21 ||    49
         Confusing Touch   |       |     5 |    13 ||    18
    Use: Scroll            |     2 |     3 |     9 ||    14
         Potion            |       |       |     2 ||     2
   Stab: Sleeping          |    13 |    14 |    19 ||    46
         Confused          |       |     3 |     7 ||    10
 Armour: Robe              |    46 |    65 |   191 ||   302
         Skin              |       |    39 |       ||    39
  Dodge: Dodged            |    60 |    84 |   182 ||   326
  Block: Buckler           |    13 |    42 |    88 ||   143

Table legend: (Time is in decaauts)
 A = Elapsed time spent in this place.
 B = Non-inter-level travel time spent in this place.
 C = Inter-level travel time spent in this place.
 D = Time resting spent in this place.
 E = Time spent auto-exploring this place.
 F = Levels seen in this place.
 G = Mean time per level.
                   A        B        C        D        E       F      G
               +--------+--------+--------+--------+--------+-----+--------+
         Total |   6637 |   6387 |    250 |   2001 |   2531 |   8 |  829.6 |
       Dungeon |   6305 |   6064 |    241 |   1966 |   2531 |   6 | 1050.8 |
        Temple |     18 |      9 |      9 |      0 |      0 |   1 |   18.0 |
       Ossuary |    313 |    313 |      0 |     35 |      0 |   1 |  313.0 |
               +--------+--------+--------+--------+--------+-----+--------+

Top non-repeatable levels by time:
     D:4: 1444 daAuts
     D:3: 1382 daAuts
     D:5: 1280 daAuts
     D:1: 992 daAuts
     D:2: 936 daAuts
 Ossuary: 313 daAuts
     D:6: 269 daAuts
  Temple: 18 daAuts
